 Dungeon Crawl Stone Soup version 0.17.0-28-g6e173f8 (webtiles) character file.

52 kosy22 the Magician (level 3, 0/19 HPs)
             Began as a Deep Elf Wizard on Nov 29, 2015.
             Slain by a goblin
             ... wielding a +0 club
              (6 damage)
             ... on level 3 of the Dungeon.
             The game lasted 00:15:03 (2473 turns).

kosy22 the Magician (Deep Elf Wizard)               Turns: 2473, Time: 00:15:03

Health: 0/19       AC:  2    Str:  4    XL:     3   Next: 60%
Magic:  2/11       EV: 13    Int: 23    God:
Gold:   137        SH:  0    Dex: 13    Spells: 5 memorised, 2 levels left

rFire  . . .     SeeInvis .     (no weapon)
rCold  . . .     Clarity  .     a - +0 robe
rNeg   . . .     SustAt   .     (no shield)
rPois  .         Gourm    .     b - +0 hat
rElec  .         Spirit   .     (no cloak)
rCorr  .         Warding  .     (no gloves)
rMut   .         Stasis   .     (no boots)
MR     .....                    (no amulet)
Stlth  ++........               (no ring)
                                (no ring)

@: not resistant to hostile enchantments, unstealthy
A: no striking features
a: no special abilities


You were on level 3 of the Dungeon.
You were not hungry.

You visited 1 branch of the dungeon, and saw 3 of its levels.

You collected 137 gold pieces.

Inventory:

Armour
 a - a +0 robe (worn)
 b - a +0 hat (worn)
Scrolls
 f - 3 scrolls of remove curse {unknown}
 g - a scroll of teleportation {unknown}
 h - 4 scrolls of identify
Potions
 e - 2 potions of might {unknown}
 i - a potion of invisibility {unknown}
 k - 2 potions of brilliance {unknown}
 l - a potion of poison {unknown}
 o - a potion of heal wounds {unknown}
 p - a potion of agility {unknown}
 q - a potion of degeneration {unknown}
Books
 c - a book of Minor Magic

   Spells                             Type                      Level
   a - Magic Dart                     Conjuration                  1
   b - Blink                          Translocation                2
   c - Call Imp                       Summoning                    2
   d - Repel Missiles                 Charms/Air                   2
   e - Slow                           Hexes                        2
   f - Conjure Flame                  Conjuration/Fire             3
   g - Mephitic Cloud                 Conjuration/Poison/Air       3
Comestibles
 d - 2 bread rations
 j - a beef jerky
 m - a meat ration


   Skills:
 + Level 3.2 Dodging
 + Level 2.6 Stealth
 + Level 5.3 Spellcasting
 + Level 1.8 Conjurations
 + Level 0.3 Hexes
 + Level 1.4 Summonings
 + Level 1.1 Translocations


You had 2 spell levels left.
You knew the following spells:

 Your Spells              Type           Power        Failure   Level  Hunger
a - Magic Dart            Conj           ##..         4%          1    None
b - Call Imp              Summ           ##......     10%         2    None
c - Blink                 Tloc           N/A          12%         2    None
d - Slow                  Hex            #.......     14%         2    None
e - Conjure Flame         Conj/Fire      ##......     21%         3    ##.....


Dungeon Overview and Level Annotations

Branches:
Dungeon (3/15)

Altars:

Annotations:
D:3 Grinder


Message History

Press: ? - help, Shift-Dir - straight line, f - kobold
Aim: a kobold, wielding a dagger The magic dart hits the kobold.
You kill the kobold!
The goblin barely misses you.
Your crimson imp disappears in a puff of smoke!
The goblin barely misses you. Grinder gestures at you.
Pain shoots through your body!
There is an escape hatch in the ceiling here.
The goblin barely misses you.
You hit the goblin.
The goblin is moderately wounded.
Grinder gestures.
Grinder blinks!
You barely miss the goblin.
The goblin is moderately wounded.
The goblin hits you with a club. The goblin hits you with a club.
You die...

.........(##§####....
....(.....##....#....
..##.......(........
#.......†........
##......).†.......
#.................
#?..######'####...
#..g.........# ..^#
#...@......[.# ..#
#........[...# ...#
####.........##...#
#..............#
#....(.....#...#
#..........# ...
#........†.#####
#.............#
#######.####.#


You could see a goblin.

Vanquished Creatures
  An ooze (D:2)
  A giant gecko (D:1)
  3 bats
  A giant cockroach (D:1)
  3 goblins
  3 hobgoblins
  A quokka (D:1)
  A ball python (D:2)
  2 giant newts (D:1)
  2 kobolds
  3 rats
21 creatures vanquished.

Vanquished Creatures (collateral kills)
  An adder (D:3)
  An ooze (D:1)
  A giant gecko (D:2)
  An orc (D:2)
  A giant cockroach (D:3)
  2 goblins
  5 hobgoblins
  3 bats (D:2)
  5 giant newts
  3 kobolds
  3 rats
26 creatures vanquished.

Grand Total: 47 creatures vanquished

Notes
Turn   | Place    | Note
--------------------------------------------------------------
     0 | D:1      | kosy22 the Deep Elf Wizard began the quest for the Orb.
     0 | D:1      | Reached XP level 1. HP: 10/10 MP: 7/7
   303 | D:1      | Reached XP level 2. HP: 13/15 MP: 1/9
   307 | D:1      | Learned a level 2 spell: Call Imp
   310 | D:1      | Learned a level 2 spell: Blink
   316 | D:1      | Learned a level 2 spell: Slow
   957 | D:1      | Reached skill level 5 in Spellcasting
  1623 | D:2      | Reached XP level 3. HP: 17/19 MP: 1/11
  1701 | D:2      | Learned a level 3 spell: Conjure Flame
  2442 | D:3      | Noticed Grinder
  2473 | D:3      | Slain by a goblin

Action                   || total
-------------------------++-------
Melee: Unarmed           ||    18
 Cast: Magic Dart        ||    43
       Call Imp          ||    24
       Slow              ||    10
       Blink             ||     2
       Conjure Flame     ||     8
  Use: Scroll            ||     1
  Eat: Chunk             ||     4
       Bread ration      ||     1
